 Dungeon Crawl Stone Soup version 0.31.0-9-g3a7656b989 (webtiles) character file.

Game seed: 15745506893660114001

1154 qw the Skirmisher (level 8, -1/40 HPs)
             Began as a Spriggan Hunter on Feb 2, 2024.
             Was a Follower of Okawaru.
             Slain by a gnoll
             ... wielding a +0 spear
              (3 damage)
             ... on level 6 of the Dungeon.
             The game lasted 00:00:22 (4951 turns).

qw the Skirmisher (Spriggan Hunter)                 Turns: 4951, Time: 00:00:22

Health: -1/40      AC:  6    Str:  6    XL:     8   Next: 16%
Magic:  10/10      EV: 22    Int: 15    God:    Okawaru [*.....]
Gold:   357        SH:  0    Dex: 19    Spells: 7/7 levels left

rFire   . . .        p - +0 arbalest
rCold   . . .        (shield currently unavailable)
rNeg    . . .        c - +1 robe
rPois   .            (helmet restricted)
rElec   .            (no cloak)
rCorr   .            (gloves unavailable)
SInv    +            (boots unavailable)
Will    +....        b - amulet of regeneration
Stlth   ++           (no ring)
HPRegen 1.06/turn    (no ring)
MPRegen 0.12/turn

%: no passive effects
@: weakened, very quick
A: very small, no large weapons, unfitting armour, see invisible, speed 3, claws
1, iridescent scales 1, clever 1, shaggy fur 1
a: Renounce Religion, Heroism


You were on level 6 of the Dungeon.
You worshipped Okawaru.
Okawaru was aware of your devotion.
You visited 2 branches of the dungeon, and saw 7 of its levels.

You collected 357 gold pieces.


Innate Abilities, Weirdness & Mutations

You are very small and have problems with some larger weapons.
You are too small for most types of armour.
You have supernaturally acute eyesight. (SInv)
You cover ground extremely quickly. (Speed+++)
You have sharp fingernails.
You are partially covered in iridescent scales. (AC +2)
Your mind is acute. (Int +4, Str/Dex -1)
You are covered in fur. (AC +1)


   Skills:
 - Level 3.0 Fighting
 - Level 8.0 Ranged Weapons
 + Level 7.4 Dodging
 - Level 1.5 Stealth
 + Level 2.6 Invocations


You had 7 spell levels left.
You didn't know any spells.
Your spell library was empty.

Inventory:

Hand Weapons
 p - a +0 arbalest (weapon)
Armour
 c - a +1 robe (worn)
Jewellery
 b - an amulet of regeneration (around neck)
Wands
 d - a wand of iceblast (5)
 l - a wand of light (5)
Potions
 f - a potion of mutation
 g - a potion of curing
 h - a potion of cancellation {unknown}
 i - a potion of lignification {unknown}
 j - a potion of might {unknown}

Dungeon Overview and Level Annotations

Branches:
Dungeon (6/15)             Temple (1/1) D:4

Altars:
Ashenzari
Cheibriados
Dithmenos
Elyvilon
Fedhas
Gozag
Hepliaklqana
Kikubaaqudgha
Makhleb
Nemelex Xobeh
Okawaru
Qazlal
Ru
Sif Muna
Trog
Uskayaw
Vehumet
Wu Jian
Xom
Yredelemnul
Zin
The Shining One

Shops:
D:5 (

Annotations:
D:2 1 runed translucent door, Crazy Yiuf
D:3 2 runed translucent doors, qw's ghost, amateur GrHu


Message History

The gnoll is severely wounded.
The gnoll is no longer moving quickly. x2
The gnoll bouda completely misses you. The gnoll misses you. x2
The gnoll barely misses you. The gnoll completely misses you.
The gnoll bouda misses you.
You shoot a bolt. The bolt hits the gnoll!
You kill the gnoll!
Okawaru accepts your kill.
The gnoll is no longer moving quickly.
The gnoll barely misses you. x2
The gnoll hits you but does no damage.
The gnoll bouda gazes fiercely through you!
You feel your attacks grow feeble. The gnoll bouda closely misses you.
The gnoll closely misses you. x2
The gnoll misses you. The gnoll hits you but does no damage.
You shoot a bolt. The bolt hits the gnoll!
You kill the gnoll!
Okawaru accepts your kill.
The gnoll bouda barks out a call to the hunt!
The gnoll picks up the pace!
The gnoll misses you. The gnoll barely misses you.
The gnoll completely misses you.
The gnoll bouda hits you with a +0 club.
You shoot a bolt.
The bolt closely misses the gnoll bouda.
The gnoll closely misses you. The gnoll misses you.
The gnoll hits you from afar with a +0 spear.
The gnoll bouda completely misses you. The gnoll misses you. x2
The gnoll closely misses you.
You shoot a bolt.
The bolt closely misses the gnoll bouda.
The gnoll bouda closely misses you. The gnoll barely misses you.
The gnoll hits you but does no damage. The gnoll completely misses you.
The gnoll bouda closely misses you.
You shoot a bolt. The bolt hits the gnoll bouda!
The gnoll bouda is moderately wounded.
The gnoll hits you from afar with a +0 spear!
The gnoll misses you. The gnoll completely misses you.
The gnoll bouda misses you.
The gnoll hits you from afar with a +0 spear.
You die...

....##..##
#........>..## #..
##............###...
'#...................
....<................
.....................
............g#g....
...........gg#..#
............)@).#
...........###!...#
......)...)### ...##
.....#.......#...##
.#..##%........##
#....<.....#.##
....##...#...# # ..
....###.## #.....# ##


You could see a gnoll bouda and 3 gnolls.

Vanquished Creatures
  2 ice beasts (D:5)
  An ogre (D:5)
  A phantom (D:4)
  A bullfrog (D:5)
  2 scorpions
  A howler monkey (D:4)
  2 hounds
  Jessica (D:2)
  2 iguanas
  Terence (D:2)
  An orc wizard (D:5)
  Natasha (thrice) (D:3)
  A hound zombie (D:3)
  A hound skeleton (D:3)
  Robin (D:3)
  13 gnolls
  4 adders
  An adder skeleton (D:3)
  2 adder zombies (D:3)
  A ribbon worm (D:2)
  2 dart slugs
  9 orcs
  2 bats
  10 endoplasms
  A giant cockroach (D:1)
  13 goblins
  12 hobgoblins
  5 jackals (D:4)
  6 quokkas
  7 ball pythons
  A frilled lizard (D:1)
  8 kobolds
  A quokka zombie (D:3)
  4 rats
123 creatures vanquished.

Vanquished Creatures (others)
  A jackal (D:4)
1 creature vanquished.

Grand Total: 124 creatures vanquished

Notes
Turn   | Place    | Note
-------+----------+-------------------------------------------
     0 | D:1      | qw the Spriggan Hunter began the quest for the Orb.
     0 | D:1      | Reached XP level 1. HP: 10/10 MP: 2/2
     0 | D:1      | 0 ||| qw: Version: 0.3-a-155-g5e7d8dd
     0 | D:1      | 0 ||| qw: Game counter: 664
     0 | D:1      | 0 ||| qw: Melee chars always use a shield: true
     0 | D:1      | 0 ||| qw: God list: Okawaru
     0 | D:1      | 0 ||| qw: Allow faded altars: false
     0 | D:1      | 0 ||| qw: Do Orc after clearing Dungeon:15 true
     0 | D:1      | 0 ||| qw: Do second Lair branch before Depths: true
     0 | D:1      | 0 ||| qw: Lair rune preference: random
     0 | D:1      | 0 ||| qw: Goals: Normal
     0 | D:1      | 0 ||| PLANNING D:1-11
    57 | D:1      | Reached skill level 3 in Dodging
   111 | D:1      | Reached XP level 2. HP: 14/14 MP: 3/3
   774 | D:1      | Reached XP level 3. HP: 18/18 MP: 4/4
   803 | D:1      | 803 ||| READING 2 scrolls labelled NEPPOU OXAWNIT.
   803 | D:1      | 803 ||| BRANDING +0 shortbow.
   804 | D:1      | 804 ||| READING scroll of brand weapon.
   804 | D:1      | 804 ||| BRANDING +0 shortbow of freezing.
   805 | D:1      | 805 ||| DROPPING scroll of butterflies.
   902 | D:2      | Found a faded altar of an unknown god.
   902 | D:2      | Noticed a cacodemon
  1110 | D:2      | Noticed Jessica
  1112 | D:2      | Killed Jessica
  1233 | D:2      | Reached skill level 5 in Ranged Weapons
  1271 | D:2      | Reached XP level 4. HP: 22/22 MP: 5/5
  1440 | D:2      | Found a runed translucent door.
  1441 | D:2      | Noticed Crazy Yiuf
  1630 | D:2      | Found a burning altar of Makhleb.
  1632 | D:2      | Noticed Terence
  1641 | D:2      | Killed Terence
  1815 | D:2      | 1815 ||| UPGRADING to amulet of regeneration.
  1820 | D:2      | 1820 ||| READING scroll labelled TUDWOI MAVVET.
  1820 | D:2      | 1820 ||| IDENTIFYING purple potion
  1821 | D:2      | 1821 ||| READING scroll labelled KEAQALOFUT.
  1922 | D:2      | 1922 ||| DRINKING 2 fizzy ruby potions.
  1922 | D:2      | Gained mutation: Your mind is acute. (Int +4, Str/Dex -1)
                  | [potion of mutation]
  1922 | D:2      | Gained mutation: You have sharp fingernails. [potion of
                  | mutation]
  1922 | D:2      | Gained mutation: You are partially covered in iridescent
                  | scales. (AC +2) [potion of mutation]
  1922 | D:2      | Gained mutation: You are covered in fur. (AC +1) [potion of
                  | mutation]
  1923 | D:2      | 1923 ||| DROPPING potion of invisibility.
  2052 | D:3      | Reached XP level 5. HP: 26/26 MP: 6/6
  2142 | D:3      | Noticed Natasha
  2150 | D:3      | Killed Natasha
  2195 | D:3      | Identified the +3 dagger of the Protecting Viper {pain,
                  | Int+2}
  2234 | D:3      | Found a basalt altar of Yredelemnul.
  2265 | D:3      | Noticed Robin
  2279 | D:3      | Killed Robin
  2280 | D:3      | 2280 ||| FLEEEEING.
  2281 | D:3      | 2281 ||| FLEEEEING.
  2282 | D:3      | 2282 ||| FLEEEEING.
  2283 | D:3      | 2283 ||| FLEEEEING.
  2284 | D:3      | 2284 ||| FLEEEEING.
  2285 | D:3      | 2285 ||| FLEEEEING.
  2286 | D:3      | 2286 ||| FLEEEEING.
  2287 | D:3      | 2287 ||| FLEEEEING.
  2323 | D:3      | Noticed Natasha
  2329 | D:3      | Killed Natasha
  2330 | D:3      | Reached skill level 6 in Ranged Weapons
  2362 | D:3      | Found a bloodstained altar of Trog.
  2563 | D:3      | Noticed Natasha
  2568 | D:3      | Killed Natasha
  2569 | D:3      | Reached XP level 6. HP: 30/30 MP: 7/7
  2605 | D:3      | Found a large runed translucent door.
  2605 | D:3      | Found a large runed translucent door.
  3013 | D:3      | Noticed qw's ghost (amateur GrHu)
  3117 | D:3      | 3117 ||| READING scroll labelled TUPLIA VENEMOSOW.
  3118 | D:3      | 3118 ||| DRINKING 2 inky potions.
  3120 | D:3      | 3120 ||| Stepping ~*~*~tactically~*~*~ (cloud).
  3206 | D:4      | Found a staircase to the Ecumenical Temple.
  3207 | D:4      | 3207 ||| PLANNING TEMPLE
  3216 | D:4      | Reached skill level 6 in Dodging
  3225 | Temple   | Entered the Ecumenical Temple
  3226 | Temple   | 3226 ||| PLANNING OKAWARU WORSHIP
  3231 | Temple   | Became a worshipper of Warmaster Okawaru
  3232 | Temple   | 3232 ||| PLANNING D:1-11
  3262 | D:3      | 3262 ||| READING scroll labelled UWNEPEE BOETISM.
  3691 | D:4      | Found a stormy altar of Qazlal.
  3791 | D:4      | 3791 ||| READING scroll labelled TIEMOC CELOFA.
  3808 | D:5      | Entered Level 5 of the Dungeon
  3880 | D:5      | Reached skill level 7 in Ranged Weapons
  3880 | D:5      | Reached XP level 7. HP: 35/35 MP: 8/8
  3995 | D:5      | 3995 ||| SWAPPING to +0 arbalest.
  3996 | D:5      | 3996 ||| DROPPING +0 shortbow of draining.
  4233 | D:5      | Found Ociman's Antique Weapon Shop.
  4708 | D:5      | 4708 ||| READING scroll of identify.
  4708 | D:5      | 4708 ||| IDENTIFYING red potion
  4709 | D:5      | 4709 ||| READING scroll labelled JOP IP LIUFU.
  4710 | D:5      | 4710 ||| READING scroll labelled BOOPOUPHIWK.
  4710 | D:5      | 4710 ||| ENCHANTING +0 robe.
  4711 | D:5      | 4711 ||| READING scroll labelled MIM CESCHIHANO.
  4716 | D:5      | 4716 ||| READING 3 scrolls labelled FUVAOZX OCAP.
  4717 | D:5      | 4717 ||| DRINKING 2 dark potions.
  4718 | D:5      | 4718 ||| DRINKING 3 blue potions.
  4719 | D:5      | 4719 ||| DROPPING potion of ambrosia.
  4720 | D:5      | 4720 ||| DROPPING 2 potions of brilliance.
  4721 | D:5      | 4721 ||| DROPPING 2 scrolls of fear.
  4729 | D:6      | 4729 ||| STAIRDANCE
  4834 | D:6      | 4834 ||| STAIRDANCE
  4841 | D:6      | 4841 ||| STAIRDANCE
  4853 | D:5      | Reached * piety under Okawaru
  4854 | D:5      | Reached skill level 8 in Ranged Weapons
  4856 | D:6      | 4856 ||| STAIRDANCE
  4859 | D:5      | HP: 7/35 [ogre/+0 giant club (28)]
  4860 | D:5      | 4860 ||| DRINKING potion of heal wounds.
  4864 | D:5      | Reached skill level 1 in Invocations
  4884 | D:6      | 4884 ||| STAIRDANCE
  4891 | D:5      | Reached XP level 8. HP: 39/39 MP: 10/10
  4905 | D:6      | Reached skill level 3 in Fighting
  4934 | D:6      | 4934 ||| RETREEEEATING.
  4935 | D:6      | 4935 ||| RETREEEEATING.
  4941 | D:6      | HP: 10/40 [gnoll/+0 whip[a gnoll bouda] (5)]
  4948 | D:6      | HP: 10/40 [gnoll bouda/+0 club (1)]
  4951 | D:6      | HP: 2/40 [gnoll/+0 spear (7)]
  4951 | D:6      | Slain by a gnoll

Levels and vault maps discovered:
D:1:      wander_arrival_estate, layout_loops_ring, roderic_serpentine_path,
          minmay_misc_feat_four_crosses
D:2:      layout_basic, dreamdust_ecumenical_altar_sealed_demon, basic_altar,
          uniq_terence, uniq_crazy_yiuf_cottage, uniq_jessica
D:3:      layout_loops_corners, mainiacjoe_overflow_paths, lemuel_round_altar,
          ebering_ghost_disaster_area, dilly_guarded_unrand_morg, uniq_robin
D:4:      layout_cave_pools, grunt_qazlal_clouds, minmay_temple_entry_offerings
D:5:      layout_basic, serial_shops, nicolae_diamond_shop,
          mrwooster_statue_mirror
D:6:      layout_cave_pools, serial_gnoll_camp, gnoll_camp_mini_doghouse,
          gnoll_camp_mini_house, gnoll_camp_mini_sergeant, gnoll_camp_mini_hut,
          gnoll_camp_mini_hut
Temple:   nicolae_temple_bog_church

Skill      XL: |  1  2  3  4  5  6  7  8 |
---------------+-------------------------+-----
Dodging        | 3 4 5 6 7 |  7.4
Ranged Weapons | 5 6 7 8 |  8.0
Fighting       | 2 3 |  3.0
Invocations    | 1 2 |  2.6
Stealth        | |  1.5

Action                     |  1- 3 |  4- 6 |  7- 9 || total
---------------------------+-------+-------+-------++-------
   Fire: Shortbow          |    71 |   226 |     4 ||   301
         Arbalest          |       |       |   127 ||   127
    Use: Scroll            |     2 |     5 |     5 ||    12
         Potion            |       |     2 |     3 ||     5
 Armour: Robe              |     4 |    48 |    65 ||   117
  Dodge: Dodged            |    16 |   179 |   266 ||   461

Table legend:
 A = Non-vault XP
 B = Vault XP
 C = Vault XP percentage of total XP
 D = Non-vault monster count
 E = Vault monster count
 F = Vault count percentage of total count
                 A         B        C        D         E       F
            +---------+---------+-------+---------+---------+-------
      Total |    1391 |     258 |  15.6 |      98 |      25 |  20.3
            +---------+---------+-------+---------+---------+-------
        D:1 |      41 |       0 |   0.0 |      23 |       0 |   0.0
        D:2 |      76 |      73 |  49.0 |      14 |       2 |  12.5
        D:3 |      93 |     128 |  57.9 |      13 |      19 |  59.4
        D:4 |     303 |       0 |   0.0 |      22 |       0 |   0.0
        D:5 |     739 |      42 |   5.4 |      20 |       3 |  13.0
        D:6 |     139 |      15 |   9.7 |       6 |       1 |  14.3
            +---------+---------+-------+---------+---------+-------
